 Dungeon Crawl Stone Soup version 0.29-a0-322-g68df515428 (webtiles) character file.

Game seed: 14688098060160719199

29 rabbitsville the Chopper (level 3, -4/30 HPs)
             Began as a Ghoul Gladiator on Apr 8, 2022.
             Slain by a worm (8 damage)
             ... on level 2 of the Dungeon.
             The game lasted 00:05:16 (1115 turns).

rabbitsville the Chopper (Ghoul Gladiator)          Turns: 1115, Time: 00:05:16

Health: -4/30      AC:  4    Str: 18 (19) XL:     3   Next: 16%
Magic:  2/2        EV: 12    Int:  1 (3)  God:
Gold:   58         SH:  4    Dex: 15 (16) Spells: 2/2 levels left

rFire   + . .      SeeInvis .   a - +0 war axe
rCold   + . .      Faith    .   m - +0 buckler
rNeg    + + +      Spirit   .   b - +0 leather armour
rPois   ∞          Reflect  .   c - +0 helmet
rElec   .          Harm     .   (no cloak)
rCorr   .          Rampage  .   (no gloves)
Will    .....                   (no boots)
Stlth   +.........              (no amulet)
HPRegen 0.00/turn               g - ring of protection from fire
MPRegen 0.08/turn               i - +6 ring of dexterity

@: inhibited regen
A: claws 1, cold resistance 1, negative energy resistance 3, inhibited
regeneration, torment resistance 2, devour on kill
a: no special abilities


You were on level 2 of the Dungeon.
You visited 1 branch of the dungeon, and saw 2 of its levels.

You collected 58 gold pieces.

Inventory:

Hand Weapons
 a - a +0 war axe (weapon)
Missiles
 d - 3 throwing nets (quivered)
 e - 4 javelins
Armour
 b - a +0 leather armour (worn)
 c - a +0 helmet (worn)
 m - a +0 buckler (worn)
Jewellery
 g - a ring of protection from fire (left claw)
 i - a +6 ring of dexterity (right claw)
Scrolls
 f - a scroll of brand weapon {unknown}
 n - a scroll of fog {unknown}
 p - a scroll of identify {unknown}
Potions
 h - a potion of ambrosia {unknown}
 k - a potion of heal wounds {unknown}
 l - a potion of lignification {unknown}
 o - a potion of brilliance {unknown}


   Skills:
 + Level 2.6 Fighting
 * Level 3.2 Axes
 - Level 2.2 Throwing
 - Level 2.6 Dodging
 + Level 0.4 Shields


You had 2 spell levels left.
You didn't know any spells.
Your spell library contained the following spells:

 Spells                   Type           Power      Damage    Failure   Level
 Conjure Flame            Conj/Fire      0%         6-21      98%         3
 Ignite Poison            Fire/Tmut/Pois 0%         N/A       98%         3
 Sticky Flame             Conj/Fire      0%         2d3       100%        4


Dungeon Overview and Level Annotations

Branches:
Dungeon (2/15)

Altars:


Innate Abilities, Weirdness & Mutations

You are immune to poison.
You have sharp fingernails.
Your flesh is cold resistant. (rC+)
You are immune to negative energy. (rN+++)
You do not regenerate when monsters are visible.
You are immune to unholy pain and torment.
You thrive by killing the living.


Message History

Found a stone staircase leading up.
There is a stone staircase leading up here.
A rat comes into view.
A bat comes into view.
The bat closely misses you. The bat misses you.
The rat bites you but does no damage.
You slash the rat!
You kill the rat!
You see here a rat corpse.
The bat barely misses you. The bat barely misses you.
The bat hits you but does no damage. The bat barely misses you.
You slash the bat!
You kill the bat!
A worm comes into view.
The worm bites you!
You hit the worm.
The worm is moderately wounded.
The worm bites you!
You hit the worm.
The worm is moderately wounded.
The worm closely misses you.
You hit the worm.
The worm is heavily wounded.
The worm bites you!
* * * LOW HITPOINT WARNING * * *
You hit the worm.
The worm is heavily wounded.
You hit the worm.
The worm is severely wounded.
The worm bites you but does no damage.
You completely miss the worm.
The worm is heavily wounded.
The worm bites you but does no damage.
It was a potion of degeneration.
There was something very wrong with that liquid.
You feel weakened.
You feel dopey.
You feel clumsy. The worm bites you!
You die...

...## #..#....
.....# #....##
..... ##.#.#.
#...# #....# #...
#.#.## #...##
#.#.## #...####
#..<.. #......####
###.##
##...w@...### #.#
###........#
######.#
#####...†#
#......#
#######.###.######
#....†......#
####.######## #.
.. ###


You could see a worm.

Vanquished Creatures
  A dart slug (D:1)
  4 ball pythons (D:1)
  5 endoplasms (D:1)
  4 goblins (D:1)
  A hobgoblin (D:1)
  3 quokkas (D:1)
  2 bats
  2 frilled lizards
  2 rats
24 creatures vanquished.

Notes
Turn   | Place    | Note
-------+----------+-------------------------------------------
     0 | D:1      | rabbitsville the Ghoul Gladiator began the quest for the
                  | Orb.
     0 | D:1      | Reached XP level 1. HP: 17/17 MP: 0/0
   404 | D:1      | Reached XP level 2. HP: 25/25 MP: 1/1
   443 | D:1      | Reached skill level 3 in Axes
   905 | D:1      | Reached XP level 3. HP: 29/30 MP: 2/2
  1115 | D:2      | Slain by a worm

Illustrated notes

Levels and vault maps discovered:
D:1:      shiori_arrival_elements, layout_rooms
D:2:      layout_loops_cross, shapermc_ecumenical_altar_starsandcircs,
          amcnicky_mini_pool_small, hangedman_decor_growths, eino_curves_04,
          uniq_robin

Skill      XL: |  1  2 |
---------------+-------+-----
Throwing       | 2 |  2.2
Axes           | 3 |  3.2
Fighting       | |  2.6
Dodging        | |  2.6
Shields        | |  0.4

Action                   || total
-------------------------++-------
Melee: War axe           ||    66
  Use: Potion            ||     1
Armor: Leather armour    ||    18
Dodge: Dodged            ||    46
Block: Buckler           ||     7

Table legend: (Time is in decaauts)
 A = Elapsed time spent in this place.
 B = Non-inter-level travel time spent in this place.
 C = Inter-level travel time spent in this place.
 D = Time resting spent in this place.
 E = Time spent auto-exploring this place.
 F = Levels seen in this place.
 G = Mean time per level.
                   A        B        C        D        E       F      G
               +--------+--------+--------+--------+--------+-----+--------+
         Total |   1139 |   1139 |      0 |    368 |    344 |   2 |  569.5 |
       Dungeon |   1139 |   1139 |      0 |    368 |    344 |   2 |  569.5 |
               +--------+--------+--------+--------+--------+-----+--------+

Top non-repeatable levels by time:
     D:1: 1076 daAuts
     D:2: 63 daAuts
